 Dungeon Crawl Stone Soup version 0.22.1-1-ga44c0e56f4 (webtiles) character file.

6011 Morrissey the Archer (level 10, -1/81 HPs)
             Began as a Centaur Arcane Marksman on Nov 4, 2018.
             Was a Believer of Okawaru.
             Killed by Ozocubu's Refrigeration
             ... invoked by Fannar
              (6 damage)
             ... on level 10 of the Dungeon.
             The game lasted 00:27:10 (11863 turns).

Morrissey the Archer (Centaur Arcane Marksman)     Turns: 11863, Time: 00:27:11

Health: -1/81      AC: 22    Str: 19    XL:     10   Next: 56%
Magic:  20/20      EV:  3    Int: 12    God:    Okawaru [**....]
Gold:   474        SH:  0    Dex: 13    Spells: 10/11 levels left

rFire    . . .     SeeInvis +   b - +2 halberd (venom)
rCold    . . .     Gourm    .   (shield currently unavailable)
rNeg     . . .     Faith    .   g - +6 plate armour of Guolij {+Inv +Fly MP+9}
rPois    .         Spirit   .   j - +0 helmet
rElec    .         Reflect  .   I - +0 cloak
rCorr    .         Harm     .   G - +0 pair of gloves
MR       .....                  (no barding)
Stlth    ..........             (no amulet)
HPRegen  0.23/turn              e - +3 ring of protection
MPRegen  0.17/turn              D - +4 ring of strength

@: very quick
A: large, hooves 3, iridescent scales 1, see invisible, deformed body, speed 2,
strong 1, tough skin 3, subdued magic 1
a: Heroism, Renounce Religion, Evoke Invisibility, Evoke Flight


You were on level 10 of the Dungeon.
You worshipped Okawaru.
Okawaru was pleased with you.
You were not hungry.

You visited 2 branches of the dungeon, and saw 11 of its levels.

You collected 474 gold pieces.

Inventory:

Hand Weapons
 a - a +0 shortbow
 b - a +2 halberd of venom (weapon)
 x - a +0 trident
 H - the +2 spear of the Vine {freeze, rElec Str+5 Dex-2}
   (You found it on level 6 of the Dungeon)

   It has been specially enchanted to freeze those struck by it, causing extra
   injury to most foes and up to half again as much damage against particularly
   susceptible opponents.
   It can also slow down cold-blooded creatures.
   It affects your strength (+5).
   It affects your dexterity (-2).
   It insulates you from electricity.
Missiles
 y - 74 arrows
Armour
 g - the +6 plate armour of Guolij (worn) {+Inv +Fly MP+9}
   (You found it on level 7 of the Dungeon)

   It affects your magic capacity (+9).
   It lets you turn invisible.
   It lets you fly.
 i - a +1 ring mail of poison resistance
 j - a +0 helmet (worn)
 G - a +0 pair of gloves (worn)
 I - a +0 cloak (worn)
Jewellery
 e - a +3 ring of protection (left hand)
 D - a +4 ring of strength (right hand)
 J - the ring of Xekah {Fire Int+2}
   (You found it on level 7 of the Dungeon)

   [ring of fire]

   It enhances your fire magic.
   It affects your intelligence (+2).
   It protects you from fire.
   It makes you vulnerable to cold.
 M - a +3 ring of strength
Wands
 r - a wand of digging (11)
 E - a wand of acid (9)
 K - a wand of enslavement (10)
 L - a wand of flame (55)
Scrolls
 h - 2 scrolls of fear
 k - 4 scrolls of enchant armour
 m - 4 scrolls of teleportation {unknown}
 o - 4 scrolls of enchant weapon {unknown}
 p - 2 scrolls of fog {unknown}
 q - 7 scrolls of identify {unknown}
 s - 4 scrolls of remove curse
 u - 7 scrolls of immolation {unknown}
 v - a scroll of amnesia {unknown}
 A - a scroll of magic mapping {unknown}
 C - 2 scrolls of blinking
Potions
 c - a potion of ambrosia {unknown}
 d - 4 potions of brilliance {unknown}
 l - 3 potions of curing
 n - a potion of magic {unknown}
 t - a potion of flight
 w - 4 potions of degeneration {unknown}
 z - a potion of heal wounds {unknown}
 B - 5 potions of haste {unknown}
 F - a potion of lignification {unknown}
 O - 2 potions of resistance {unknown}
Comestibles
 f - 13 rations
 N - 4 chunks of flesh


   Skills:
 - Level 5.0 Fighting
 * Level 10.7 Polearms
 + Level 12.1 Bows
 - Level 1.3 Dodging
 - Level 1.0 Spellcasting
 - Level 2.6 Hexes
 + Level 2.3 Invocations


You had 10 spell levels left.
You knew the following spells:

 Your Spells              Type           Power        Failure   Level  Hunger
a - Corona                Hex            #......      99%         1    ##.....

Your spell library contained the following spells:

 Spells                   Type           Power        Failure   Level  Hunger
 Slow                     Hex            #.......     99%         2    ###....
 Magic Dart               Conj           #...         100%        1    ##.....
 Sandblast                Erth           #.....       100%        1    ##.....
 Blink                    Tloc           N/A          100%        2    ###....
 Call Imp                 Summ           #.......     100%        2    ###....
 Ensorcelled Hibernation  Hex/Ice        #.....       100%        2    ###....
 Confuse                  Hex            #.......     100%        3    ####...
 Conjure Flame            Conj/Fire      #.......     100%        3    ####...
 Dazzling Spray           Conj/Hex       #.....       100%        3    ####...
 Inner Flame              Hex/Fire       #.......     100%        3    ####...
 Mephitic Cloud           Conj/Pois/Air  #.......     100%        3    ####...
 Portal Projectile        Hex/Tloc       #.....       100%        3    ####...
 Stone Arrow              Conj/Erth      #.....       100%        3    ####...
 Tukima's Dance           Hex            #.......     100%        3    ####...
 Cause Fear               Hex            #.........   100%        4    #####..
 Leda's Liquefaction      Hex/Erth       #.........   100%        4    #####..


Dungeon Overview and Level Annotations

Branches:
Dungeon (10/15)            Temple (1/1) D:6
   Lair: D:8-11         Orc: D:9-12

Altars:
Ashenzari
Cheibriados
Dithmenos
Elyvilon
Fedhas
Gozag
Hepliaklqana
Kikubaaqudgha
Makhleb
Nemelex Xobeh
Okawaru
Qazlal
Ru
Sif Muna
Trog
Uskayaw
Vehumet
Wu Jian
Xom
Yredelemnul
Zin
The Shining One

Shops:
D:5 }=}(

Annotations:
D:10 Fannar


Innate Abilities, Weirdness & Mutations

You have hooves in place of feet.
Armour fits poorly on your strangely shaped body.
You cover ground very quickly.
You have extremely tough skin. (AC +3)
You are partially covered in iridescent scales. (AC +2)
You have supernaturally acute eyesight. (SInv)
Your muscles are strong. (Str +2)
Your spells are a little easier to cast, but a little less powerful.


Message History

* * * LOW HITPOINT WARNING * * *
The ice beast hits you but does no damage.
The ice beast hits you but does no damage.
The ice beast hits you but does no damage.
Fannar gestures wildly while chanting.
Fannar drains the heat from the surrounding environment!
You feel very cold.
* * * LOW HITPOINT WARNING * * *
Fannar is frozen.
Fannar resists.
Fannar is severely wounded.
Fannar casts a spell.
Fannar drains the heat from the surrounding environment!
You feel very cold.
* * * LOW HITPOINT WARNING * * *
Fannar is frozen.
Fannar resists.
Fannar is severely wounded.
Fannar mumbles some strange words.
Fannar drains the heat from the surrounding environment!
You feel very cold.
You die...

... #.# ##.# ##........##
## #.# #.######.........#.
#.## #..(((.............
#..#.#######((...###......
#.#..#####..............#
.....##...Y....##.......
#......>...Y.e†.........
#..#..#..Y..............
#....#.@................
#.......................
#...<.#..............(..
#.....#.................
##.......................
###.......##..............#
.........###......##....<##
###......# #..#########..#
........## #..# #^...#


You could see Fannar and 3 ice beasts.

Vanquished Creatures
  A hydra (D:7)
  A two-headed ogre (D:9)
  Joseph (D:9)
  A troll (D:7)
  A merfolk (D:9)
  3 yaks (D:9)
  A water moccasin (D:10)
  4 orc warriors
  An ice beast (D:7)
  4 sky beasts
  A black bear (D:7)
  5 ogres
  2 centaurs (D:8)
  A phantom (D:10)
  2 bullfrogs
  4 scorpions
  A wight (D:6)
  A howler monkey (D:4)
  4 crimson imps
  2 hounds
  3 jellies
  10 orc wizards
  4 orc priests
  Crazy Yiuf (D:3)
  4 iguanas
  A bullfrog skeleton (D:7)
  Terence (D:3)
  2 worker ants
  A hound skeleton (D:7)
  A mummy (D:5)
  Robin (D:3)
  2 howler monkey skeletons
  A worker ant zombie (D:8)
  6 gnolls
  17 adders
  2 shadow imps
  4 oozes
  5 adder skeletons
  2 worms
  3 dart slugs
  3 leopard geckos
  33 orcs
  4 bats
  4 giant cockroaches
  14 goblins
  10 hobgoblins
  7 jackals
  6 kobolds
  7 quokkas
  A ball python (D:6)
  3 frilled lizards
  2 hobgoblin zombies (D:5)
  A kobold zombie (D:5)
  2 leopard gecko skeletons
  An orc zombie (D:5)
  2 quokka skeletons
  7 rats
219 creatures vanquished.

Notes
Turn   | Place    | Note
-------+----------+-------------------------------------------
     0 | D:1      | Morrissey the Centaur Arcane Marksman began the quest for
                  | the Orb.
     0 | D:1      | Reached XP level 1. HP: 16/16 MP: 2/2
   102 | D:1      | Reached skill level 3 in Bows
   156 | D:1      | Reached XP level 2. HP: 16/23 MP: 3/3
  1240 | D:2      | Reached XP level 3. HP: 28/29 MP: 4/4
  1356 | D:2      | Reached skill level 4 in Bows
  1990 | D:3      | Gained mutation: Your spells are a little easier to cast,
                  | but a little less powerful. [potion of mutation]
  1990 | D:3      | Gained mutation: You have supernaturally acute eyesight.
                  | (SInv) [potion of mutation]
  1990 | D:3      | Gained mutation: Your muscles are strong. (Str +2) [potion
                  | of mutation]
  1990 | D:3      | Gained mutation: You are partially covered in iridescent
                  | scales. (AC +2) [potion of mutation]
  2542 | D:4      | Reached XP level 4. HP: 36/37 MP: 5/5
  2792 | D:4      | Reached skill level 5 in Bows
  2818 | D:4      | Reached XP level 5. HP: 22/45 MP: 6/6
  3646 | D:3      | Noticed Robin
  3733 | D:3      | Killed Robin
  3733 | D:3      | Reached skill level 6 in Bows
  4112 | D:3      | Noticed Terence
  4122 | D:3      | Killed Terence
  4122 | D:3      | Reached XP level 6. HP: 46/52 MP: 7/7
  4188 | D:3      | Reached skill level 1 in Polearms
  4425 | D:3      | Found a runed door.
  4692 | D:3      | Noticed Crazy Yiuf
  4719 | D:3      | Killed Crazy Yiuf
  5329 | D:4      | Reached XP level 7. HP: 60/60 MP: 8/8
  5512 | D:5      | Entered Level 5 of the Dungeon
  5512 | D:5      | Found Goklo's Jewellery Boutique.
  5711 | D:4      | Reached skill level 7 in Bows
  5897 | D:4      | Reached skill level 5 in Fighting
  6213 | D:5      | Found Aczass's Gadget Emporium.
  6241 | D:5      | Found Ziamuwn's Weapon Shop.
  6644 | D:5      | Reached XP level 8. HP: 60/68 MP: 9/9
  6997 | D:5      | Found Izarghi's Gadget Emporium.
  7242 | D:6      | Found a blossoming altar of Fedhas.
  7420 | D:6      | Reached skill level 5 in Polearms
  7420 | D:6      | Reached skill level 8 in Bows
  7646 | D:6      | Found a staircase to the Ecumenical Temple.
  7655 | Temple   | Entered the Ecumenical Temple
  8043 | D:6      | Got a steaming spear
  8044 | D:6      | Identified the cursed +2 spear of the Vine {freeze, rElec
                  | Str+5 Dex-2} (You found it on level 6 of the Dungeon)
  8187 | D:6      | Found an ancient bone altar of Kikubaaqudgha.
  8344 | D:7      | Reached skill level 9 in Bows
  8701 | D:7      | Reached XP level 9. HP: 36/74 MP: 10/10
  8937 | D:7      | Noticed a six-headed hydra
  8940 | D:7      | Noticed a troll
  9020 | D:7      | Killed a six-headed hydra
  9020 | D:7      | Reached skill level 10 in Bows
  9123 | D:7      | Killed a troll
  9379 | D:7      | Got a scorched plate armour
  9383 | D:7      | Got a wavering jade ring
  9386 | D:7      | Got an ancient chain mail
  9387 | D:7      | Identified the Collected Works on Twisted Earth
  9412 | D:7      | Identified the +6 plate armour of Guolij {+Inv +Fly MP+9}
                  | (You found it on level 7 of the Dungeon)
  9422 | D:7      | Identified the cursed +0 chain mail of the Pleiades {rElec}
                  | (You found it on level 7 of the Dungeon)
  9435 | D:7      | Identified the ring of Xekah {Fire Int+2} (You found it on
                  | level 7 of the Dungeon)
  9649 | D:7      | Found an ancient bone altar of Kikubaaqudgha.
  9650 | D:7      | Found a burning altar of Makhleb.
  9652 | D:7      | Found a stormy altar of Qazlal.
  9656 | D:7      | Found an iron altar of Okawaru.
  9657 | D:7      | Found a sparkling altar of Nemelex Xobeh.
  9658 | D:7      | Found a glowing silver altar of Zin.
  9671 | D:7      | Became a worshipper of Warmaster Okawaru
 10230 | D:8      | Reached skill level 11 in Bows
 10828 | D:9      | Reached * piety under Okawaru
 10853 | D:9      | Noticed a two-headed ogre
 10869 | D:9      | Killed a two-headed ogre
 10869 | D:9      | Reached XP level 10. HP: 81/81 MP: 11/11
 10882 | D:9      | Noticed Joseph
 10898 | D:9      | Killed Joseph
 10898 | D:9      | Reached skill level 10 in Polearms
 11160 | D:9      | Reached ** piety under Okawaru
 11192 | D:9      | Reached skill level 1 in Invocations
 11555 | D:10     | Entered Level 10 of the Dungeon
 11559 | D:10     | Reached skill level 12 in Bows
 11796 | D:10     | Noticed Fannar
 11863 | D:10     | Killed from afar by Fannar

Skill      XL: |  1  2  3  4  5  6  7  8  9 10 |
---------------+-------------------------------+-----
Bows           | 3 4 5 6 7 9 11 12 | 12.1
Fighting       | 2 3 4 5 |  5.0
Polearms       | 2 4 7 9 10 | 10.7
Invocations    | 2 |  2.3
Dodging        | |  1.3
Spellcasting   | |  1.0
Hexes          | |  2.6

Action                   |  1- 3 |  4- 6 |  7- 9 | 10-12 || total
-------------------------+-------+-------+-------+-------++-------
Melee: Unarmed           |   209 |   193 |       |       ||   402
       Kick              |    50 |    41 |    50 |    21 ||   162
       Shortbow          |     1 |       |       |       ||     1
       Trident           |       |    97 |    47 |       ||   144
       Halberd           |       |       |   220 |   103 ||   323
 Fire: Shortbow          |    45 |    16 |   119 |     8 ||   188
  Use: Potion            |     4 |     1 |       |       ||     5
       Scroll            |       |       |     6 |       ||     6
  Eat: Chunk             |     2 |     7 |    10 |     3 ||    22
       Ration            |     1 |       |     1 |       ||     2
Armor: Ring mail         |    30 |   111 |    74 |       ||   215
       Chain mail        |   114 |    65 |       |       ||   179
       Plate armour      |       |       |    35 |    79 ||   114
Dodge: Dodged            |    50 |    82 |    83 |    15 ||   230
